 Dungeon Crawl Stone Soup version 0.28-a0-906-g0406aca7d3 (webtiles) character file.

Game seed: 17025150980824024616

457 bande the Skirmisher (level 7, 0/44 HPs)
             Began as a Gargoyle Fighter on Nov 24, 2021.
             Was an Initiate of Okawaru.
             Killed from afar by a gargoyle (23 damage)
             ... with a stone arrow
             ... on level 5 of the Dungeon.
             The game lasted 00:06:28 (5444 turns).

bande the Skirmisher (Gargoyle Fighter)             Turns: 5444, Time: 00:06:29

Health: 0/44       AC: 15    Str: 20    XL:     7   Next: 6%
Magic:  7/7        EV:  7    Int:  8    God:    Okawaru [......]
Gold:   135        SH:  4    Dex: 11    Spells: 6/6 levels left

rFire   . . .      SeeInvis .   l - +0 hand axe (elec)
rCold   . . .      Faith    .   c - +0 buckler
rNeg    + + .      Spirit   .   q - +0 chain mail
rPois   ∞          Reflect  .   (no helmet)
rElec   +          Harm     .   (no cloak)
rCorr   .          Rampage  .   (no gloves)
Will    .....                   n - +0 pair of boots
Stlth   ..........              (no amulet)
HPRegen 0.14/turn               g - ring of positive energy
MPRegen 0.10/turn               (no ring)

@: no status effects
A: sickness immunity, AC +4, negative energy resistance 1, electricity
resistance, torment resistance 1, petrification resistance
a: Renounce Religion


You were on level 5 of the Dungeon.
You worshipped Okawaru.
Okawaru was noncommittal.
You visited 1 branch of the dungeon, and saw 5 of its levels.

You collected 135 gold pieces.

Inventory:

Hand Weapons
 a - a +0 war axe
 l - a +0 hand axe of electrocution (weapon)
 m - a +0 flail
Armour
 c - a +0 buckler (worn)
 n - a +0 pair of boots (worn)
 q - a +0 chain mail (worn)
Jewellery
 g - a ring of positive energy (left hand)
Wands
 p - a wand of charming (6)
Scrolls
 e - 3 scrolls of identify
 j - a scroll of fog
 o - a scroll of blinking {unknown}
Potions
 d - a potion of might
 f - 3 potions of curing
 h - a potion of cancellation
 i - a potion of lignification
 k - a potion of haste


   Skills:
 + Level 4.8 Fighting
 + Level 4.8 Axes
 + Level 4.7 Armour
 + Level 4.0 Shields


You had 6 spell levels left.
You didn't know any spells.
Your spell library contained the following spells:

 Spells                   Type           Power      Damage    Failure   Level
 Apportation              Tloc           0%         N/A       99%         1
 Magic Dart               Conj           0%         1d3       99%         1
 Gell's Gravitas          Tloc           0%         N/A       100%        3
 Teleport Other           Tloc           0%         N/A       100%        3
 Dispersal                Tloc           0%         N/A       100%        6
 Animate Skeleton         Necr           Unusable   N/A       N/A         1
 Summon Small Mammal      Summ           Unusable   N/A       N/A         1

Dungeon Overview and Level Annotations

Branches:
Dungeon (5/15)
 Temple: D:4-7

Altars:
Kikubaaqudgha
Okawaru
Qazlal
Ru


Innate Abilities, Weirdness & Mutations

You are immune to sickness and miasma.
Your stone body is resilient. (AC +4)
You are immune to poison.
You resist negative energy. (rN+)
You are resistant to electric shocks. (rElec)
You are resistant to unholy torment.
You are immune to petrification.


Message History

You slash the adder!
The adder is severely wounded.
The adder bites you but does no damage. The adder barely misses you.
You slash the adder!
You kill the adder!
Okawaru accepts your kill.
No target in view!
No target in view!
No target in view!
No target in view!
No target in view!
You see here a +0 chain mail.
q - a +0 chain mail You start removing your armour.
You continue taking off your +0 scale mail. x4
You finish taking off your +0 scale mail.
You start putting on your armour.
You continue putting on your +0 chain mail. x5
You finish putting on your +0 chain mail.
Drop what? 17/52 slots (_ for help) (? for menu, Esc to quit)
You drop a +0 scale mail.
Found 16 stones.
You see here 16 stones.
A gargoyle comes into view. It is wielding a +0 flail.
You hit the gargoyle.
The gargoyle is lightly damaged.
The gargoyle hits you with a +0 flail!
You barely miss the gargoyle.
The gargoyle is lightly damaged.
The gargoyle hurls a stone arrow at you.
The stone arrow hits you!
You hit the gargoyle but do no damage.
The gargoyle is lightly damaged.
The gargoyle barely misses you.
You hit the gargoyle but do no damage.
The gargoyle is lightly damaged.
The gargoyle hurls a stone arrow at you.
The stone arrow hits you!!
Ouch! That really hurt!
You die...

..##....##...#
####.......#.#
# ####.####.##
.#
#.###...##..#
#...........###
#.###...###...#
#.####(## #..
#.#....####9#.#
#.........@.?.#
#.#...#####.###
#.##.# #.#
#.##. #.# #. ##
#.


You could see a gargoyle.

Vanquished Creatures
  A sky beast (D:4)
  A hound (D:4)
  4 orc priests
  A jelly (D:5)
  An iguana (D:4)
  Terence (D:2)
  An orc wizard (D:4)
  An adder (D:5)
  3 adder skeletons (D:4)
  A worm (D:5)
  3 dart slugs (D:2)
  10 orcs
  6 bats
  5 endoplasms
  3 giant cockroaches
  7 goblins
  8 hobgoblins
  2 quokkas (D:4)
  7 ball pythons
  3 frilled lizards
  8 kobolds
  10 rats
87 creatures vanquished.

Vanquished Creatures (others)
  A fungus (D:2)
  2 plants (D:2)
3 creatures vanquished.

Grand Total: 90 creatures vanquished

Notes
Turn   | Place    | Note
-------+----------+-------------------------------------------
     0 | D:1      | bande the Gargoyle Fighter began the quest for the Orb.
     0 | D:1      | Reached XP level 1. HP: 14/14 MP: 1/1
    86 | D:1      | Reached XP level 2. HP: 13/19 MP: 2/2
  1190 | D:1      | Reached XP level 3. HP: 23/23 MP: 3/3
  1555 | D:2      | Noticed Terence
  1560 | D:2      | Killed Terence
  2049 | D:2      | Reached XP level 4. HP: 29/29 MP: 4/4
  2386 | D:2      | Found a faded altar of an unknown god.
  2392 | D:2      | Got Plato's Tome of Attacks
  3406 | D:3      | Reached XP level 5. HP: 25/33 MP: 5/5
  3647 | D:3      | Found a sacrificial altar of Ru.
  3910 | D:4      | Reached XP level 6. HP: 32/38 MP: 6/6
  5051 | D:4      | Found a stormy altar of Qazlal.
  5081 | D:4      | Noticed a sky beast
  5096 | D:4      | Killed a sky beast
  5231 | D:5      | Entered Level 5 of the Dungeon
  5231 | D:5      | Found an iron altar of Okawaru.
  5235 | D:5      | Found an ancient bone altar of Kikubaaqudgha.
  5243 | D:5      | Became a worshipper of Warmaster Okawaru
  5251 | D:5      | Reached XP level 7. HP: 23/44 MP: 7/7
  5439 | D:5      | Noticed a gargoyle
  5444 | D:5      | Killed from afar by a gargoyle

Illustrated notes

Levels and vault maps discovered:
D:1:      minmay_arrival_open_corners, layout_loops_ring,
          nicolae_concentric_dashed_squares_mild
D:2:      layout_loops_ring, shapermc_ecumenical_altar_rom_forum,
          minmay_quantized, uniq_terence
D:3:      layout_basic, amcnicky_altar_gilded
D:4:      layout_loops_ring, nicolae_overflow_hidden_temple, grunt_ministairs_8,
          chequers_mini_garden
D:5:      layout_loops_ring, mainiacjoe_overflow_small_starburst,
          nemelex_spade_bored_becter, grunt_temple_overflow_open,
          minmay_manual_mares

Skill      XL: |  1  2  3  4  5  6 |
---------------+-------------------+-----
Axes           | 2 3 4 |  4.8
Armour         | 4 |  4.7
Fighting       | 4 |  4.8
Shields        | 4 |  4.0

Action                   |  1- 3 |  4- 6 |  7- 9 || total
-------------------------+-------+-------+-------++-------
Melee: War axe           |    80 |    91 |       ||   171
       Hand axe          |       |    74 |     8 ||    82
  Use: Scroll            |     3 |     4 |       ||     7
Armor: Scale mail        |    46 |    72 |     3 ||   121
Dodge: Dodged            |    45 |    68 |     2 ||   115
Block: Buckler           |    24 |    31 |     2 ||    57

Table legend: (Time is in decaauts)
 A = Elapsed time spent in this place.
 B = Non-inter-level travel time spent in this place.
 C = Inter-level travel time spent in this place.
 D = Time resting spent in this place.
 E = Time spent auto-exploring this place.
 F = Levels seen in this place.
 G = Mean time per level.
                   A        B        C        D        E       F      G
               +--------+--------+--------+--------+--------+-----+--------+
         Total |   5518 |   5475 |     43 |   2090 |   2566 |   5 | 1103.6 |
       Dungeon |   5518 |   5475 |     43 |   2090 |   2566 |   5 | 1103.6 |
               +--------+--------+--------+--------+--------+-----+--------+

Top non-repeatable levels by time:
     D:4: 2134 daAuts
     D:1: 1391 daAuts
     D:2: 1120 daAuts
     D:3: 793 daAuts
     D:5: 79 daAuts
